 Dungeon Crawl Stone Soup version 0.29-a0-409-gd843f3a48c (webtiles) character file.

Game seed: 4852801310063597317

3345 nvkdsnvkl the Covert (level 9, -1/39 HPs)
             Began as a Spriggan Enchanter on May 13, 2022.
             Was a Believer of Dithmenos.
             Killed by divine providence
             ... invoked by an orc priest
              (12 damage)
             ... on level 9 of the Dungeon.
             The game lasted 00:29:02 (10338 turns).

nvkdsnvkl the Covert (Spriggan Enchanter)          Turns: 10338, Time: 00:29:03

Health: -1/39      AC: 12    Str:  8    XL:     9   Next: 72%
Magic:  8/24       EV: 17    Int: 16    God:    Dithmenos [**....]
Gold:   394        SH:  0    Dex: 16    Spells: 17/28 levels left

rFire   . . .      SeeInvis +   v - +4 dagger (speed)
rCold   . . .      Faith    .   (no shield)
rNeg    . . .      Spirit   .   y - +0 steam dragon scales
rPois   .          Reflect  .   (helmet restricted)
rElec   .          Harm     .   i - +2 cloak {Stlth+}
rCorr   .          Rampage  .   (gloves unavailable)
Will    +....                   (boots unavailable)
Stlth   ++++++++..              A - amulet of regeneration
HPRegen 0.93/turn               z - +4 ring of protection
MPRegen 0.19/turn               B - ring of wizardry

@: wreathed by umbra, very quick
A: very small, no large weapons, unfitting armour, see invisible, speed 3, horns
1, deterioration 1, wild magic 1
a: Renounce Religion, Shadow Step


You were on level 9 of the Dungeon.
You worshipped Dithmenos.
Dithmenos was pleased with you.
You visited 2 branches of the dungeon, and saw 10 of its levels.
You also visited: Sewer.

You collected 476 gold pieces.
You spent 82 gold pieces at shops.

Inventory:

Hand Weapons
 g - the +8 trident of the Octopus King {venom, rElec rPois}
   (You found it on level 2 of the Dungeon)

   It poisons the flesh of those it strikes.
   rElec:     It insulates you from electricity.
   rPois:     It protects you from poison.
 k - a +2 short sword of electrocution
 v - a +4 dagger of speed (weapon)
 C - a +4 dagger of freezing
Missiles
 a - 2 throwing nets
 l - 26 poisoned darts (quivered)
 r - 5 datura-tipped darts
 s - a curare-tipped dart
Armour
 b - a +1 robe
 i - a +2 cloak of stealth (worn)
 y - +0 steam dragon scales (worn)
 F - a scarf of invisibility
Jewellery
 z - a +4 ring of protection (left hand)
 A - an amulet of regeneration (around neck)
 B - a ring of wizardry (right hand)
 E - a ring of fire
Wands
 j - a wand of flame (18)
 n - a wand of digging (2)
 q - a wand of polymorph (30)
Scrolls
 f - 4 scrolls of teleportation
 p - 3 scrolls of fog
 w - 4 scrolls of blinking
 D - a scroll of poison
 G - a scroll of magic mapping
 I - a scroll of fear
Potions
 c - a potion of invisibility
 d - 3 potions of flight
 e - 5 potions of haste
 h - 3 potions of curing
 m - a potion of might
 o - 2 potions of heal wounds
 t - 4 potions of brilliance
 u - a potion of magic
 x - a potion of berserk rage {unknown}
 H - a potion of lignification {unknown}


   Skills:
 - Level 1.1 Short Blades
 - Level 2.6 Dodging
 + Level 12.3 Stealth
 + Level 10.2 Spellcasting
 + Level 10.5 Hexes


You had 17 spell levels left.
You knew the following spells:

 Your Spells              Type           Power      Damage    Failure   Level
a - Ensorcelled Hibernat  Hex/Ice        64%        N/A       1%          2
b - Tukima's Dance        Hex            53%        N/A       1%          3
c - Dazzling Flash        Conj/Hex       64%        N/A       2%          3
d - Confusing Touch       Hex            53%        N/A       1%          3

Your spell library contained the following spells:

 Spells                   Type           Power      Damage    Failure   Level
 Slow                     Hex            100%       N/A       1%          1
 Apportation              Tloc           20%        N/A       5%          1
 Sublimation of Blood     Necr           10%        N/A       9%          2
 Wereblood                Tmut           10%        N/A       9%          2
 Vampiric Draining        Necr           10%        2d6       14%         3
 Iskenderun's Mystic Bla  Conj/Tloc      10%        2d4       38%         4
 Alistair's Intoxication  Tmut/Pois      6%         N/A       71%         5
 Starburst                Conj/Fire      5%         6d4       99%         6
 Summon Hydra             Summ           5%         N/A       100%        7
 Borgnjor's Revivificati  Necr           5%         N/A       100%        8
 Necromutation            Tmut/Necr      5%         N/A       100%        8
 Death's Door             Necr           5%         N/A       100%        9


Dungeon Overview and Level Annotations

Branches:
Dungeon (9/15)             Temple (1/1) D:4           Sewer (visited)
   Lair: D:8-11         Orc: D:9-12

Altars:
Dithmenos
Nemelex Xobeh
Qazlal
Trog
Wu Jian
Yredelemnul
Zin

Shops:
D:2 **

Annotations:
D:6 3 runed translucent doors, Opifex's ghost, novice OpFi; Shavain's ghost, novice DsVM


Innate Abilities, Weirdness & Mutations

You are very small and have problems with some larger weapons.
You are too small for most types of armour.
You have supernaturally acute eyesight. (SInv)
You cover ground extremely quickly. (Speed+++)
You have a pair of small horns on your head.
Your body sometimes deteriorates upon taking damage.
Your spells are a little harder to cast, but a little more powerful.


Message History

Dithmenos accepts your kill.
The orc priest shouts!
The orc hits you but does no damage.
The orc wizard hits you but does no damage.
You see here a +1 flail of protection.
You closely miss the orc wizard. You headbutt the orc wizard.
The orc wizard is moderately wounded.
You puncture the orc wizard! Your headbutt misses the orc wizard.
The orc wizard is severely wounded.
The orc barely misses you. The orc wizard misses you.
You hit the orc wizard.
The orc wizard is almost dead.
The orc misses you.
The orc priest invokes the aid of Beogh against you.
Beogh smites you!
The orc wizard suddenly complains, as Orcs often do.
The orc wizard hits you with a +0 dagger.
Casting: Ensorcelled Hibernation (safe; 1% risk of failure)
Confirm with . or Enter, or press ? or * to list all spells.
Aiming: Ensorcelled Hibernation (safe; 1% risk of failure)
Press: ? - help, Shift-Dir - straight line, f - orc wizard
Aim: an orc wizard, wielding a +0 dagger and wearing a +0 robe (almost dead, umbra, chance to affect: 62%)
Okay, then.
Unknown command.
Unknown command.
Unknown command.
The orc wizard points at you and mumbles some strange words.
The puff of flame hits you.
You open the door.
The orc wizard hits you but does no damage.
The orc priest misses you.
There is an open door here.
The orc priest mumbles some strange prayers to Beogh against you.
Beogh smites you!
* * * LOW HITPOINT WARNING * * *
The orc priest invokes the aid of Beogh against you.
You resist with some effort.
The orc priest invokes the aid of Beogh against you.
Beogh smites you!
You die...

#.......#
#o.T....#
#oo.)...#
#'###..##
###..##.)##...
#....†........#
#....<........#
#.............#
##.@.##+#######
#...# .......
...........
#....?.........
.#.....#>.#..##
###### ######


You could see an orc priest, an orc wizard and an orc.

Vanquished Creatures
  Maggie (D:6)
  Grum (D:8)
  Menkaure (D:4)
  2 orc warriors
  2 ice beasts (D:7)
  An ogre (D:5)
  2 wolves
  A phantom (D:4)
  5 kobold brigands
  3 scorpions
  3 wights (D:8)
  6 killer bees (D:5)
  A howler monkey (D:7)
  2 jellies (D:5)
  5 orc priests
  A hound (D:6)
  A gnoll shaman (D:7)
  Natasha (thrice) (D:2)
  4 iguanas (D:5)
  7 orc wizards
  4 gnolls
  8 adders
  2 river rats (Sewer)
  A shadow imp (D:5)
  2 white imps
  2 ufetubi (D:5)
  6 worms
  A dart slug (D:2)
  20 orcs
  4 bats
  6 endoplasms
  7 giant cockroaches
  A goblin (D:1)
  5 hobgoblins
  2 jackals (D:2)
  13 kobolds
  11 quokkas
  7 ball pythons
  2 frilled lizards (D:2)
  11 rats
167 creatures vanquished.

Vanquished Creatures (collateral kills)
  An orc warrior (D:7)
  A wight (D:8)
  Crazy Yiuf (D:2)
  An orc wizard (D:7)
  3 gnolls (D:7)
  A shadow imp (D:5)
  5 orcs
  2 kobolds (D:2)
15 creatures vanquished.

Vanquished Creatures (others)
  5 dancing weapons
  5 withered plants (D:6)
10 creatures vanquished.

Grand Total: 192 creatures vanquished

Notes
Turn   | Place    | Note
-------+----------+-------------------------------------------
     0 | D:1      | nvkdsnvkl the Spriggan Enchanter began the quest for the
                  | Orb.
     0 | D:1      | Reached XP level 1. HP: 9/9 MP: 5/5
   254 | D:1      | Reached XP level 2. HP: 13/13 MP: 7/7
   257 | D:1      | Learned a level 2 spell: Ensorcelled Hibernation
   569 | D:1      | Found a faded altar of an unknown god.
  1102 | D:2      | Found Wagraske's General Store.
  1110 | D:2      | Bought a potion of degeneration for 13 gold pieces
  1110 | D:2      | Bought a scroll of teleportation for 39 gold pieces
  1119 | D:2      | Reached XP level 3. HP: 16/16 MP: 9/9
  1123 | D:2      | Learned a level 3 spell: Tukima's Dance
  1127 | D:2      | Learned a level 3 spell: Confusing Touch
  1128 | D:2      | Found Ypneqet's Assorted Antiques.
  1635 | D:2      | Found a runed translucent door.
  1636 | D:2      | Noticed Crazy Yiuf
  1647 | D:2      | Killed Crazy Yiuf
  1648 | D:2      | Reached XP level 4. HP: 21/21 MP: 4/11
  1889 | D:2      | Reached skill level 5 in Hexes
  1930 | D:2      | Noticed Natasha
  1935 | D:2      | Killed Natasha
  2455 | D:2      | Noticed Natasha
  2638 | D:2      | Killed Natasha
  2639 | D:2      | Reached XP level 5. HP: 24/24 MP: 8/13
  2748 | D:2      | Noticed Natasha
  2756 | D:2      | Killed Natasha
  2757 | D:2      | Reached skill level 5 in Spellcasting
  2856 | D:2      | Learned a level 3 spell: Dazzling Flash
  2960 | D:2      | Bought a scroll labelled BAGYBI QEMAYL for 30 gold pieces
  3118 | D:3      | Reached skill level 5 in Stealth
  3625 | D:3      | Reached XP level 6. HP: 28/28 MP: 13/15
  4031 | D:4      | Noticed Menkaure
  4162 | D:4      | Found a glowing drain.
  4178 | Sewer    | Entered a sewer
  4452 | Sewer    | Reached skill level 6 in Stealth
  4978 | Sewer    | Reached XP level 7. HP: 29/32 MP: 17/17
  5075 | Sewer    | Reached skill level 7 in Stealth
  5877 | D:4      | Found a staircase to the Ecumenical Temple.
  6051 | Temple   | Entered the Ecumenical Temple
  6127 | Temple   | Became a worshipper of Dithmenos the Shadowed
  6257 | D:4      | Killed Menkaure
  6420 | D:5      | Entered Level 5 of the Dungeon
  6498 | D:5      | Reached skill level 8 in Stealth
  6949 | D:5      | Reached XP level 8. HP: 36/36 MP: 20/20
  6996 | D:5      | Reached skill level 9 in Stealth
  7653 | D:5      | Reached * piety under Dithmenos
  8107 | D:6      | Noticed Maggie
  8268 | D:6      | Killed Maggie
  8269 | D:6      | Reached skill level 10 in Stealth
  8434 | D:6      | Reached XP level 9. HP: 39/39 MP: 19/22
  8594 | D:6      | Gained mutation: You do not regenerate when monsters are
                  | visible. [potion of mutation]
  8594 | D:6      | Gained mutation: Your spells are a little harder to cast,
                  | but a little more powerful. [potion of mutation]
  8651 | D:6      | Found a runed translucent gate.
  8651 | D:6      | Found a runed translucent gate.
  8653 | D:6      | Found a runed translucent gate.
  8655 | D:6      | Noticed Shavain's ghost (novice DsVM)
  8655 | D:6      | Noticed Opifex's ghost (novice OpFi)
  8845 | D:6      | Lost mutation: Your spells are a little harder to cast, but
                  | a little more powerful. [potion of mutation]
  8845 | D:6      | Lost mutation: You do not regenerate when monsters are
                  | visible. [potion of mutation]
  8845 | D:6      | Gained mutation: Your spells are a little harder to cast,
                  | but a little more powerful. [potion of mutation]
  8845 | D:6      | Gained mutation: Your body sometimes deteriorates upon
                  | taking damage. [potion of mutation]
  8845 | D:6      | Gained mutation: You have a pair of small horns on your
                  | head. [potion of mutation]
  9317 | D:7      | Reached skill level 11 in Stealth
 10032 | D:8      | Reached ** piety under Dithmenos
 10036 | D:8      | Reached skill level 10 in Hexes
 10126 | D:8      | Found a sparkling altar of Nemelex Xobeh.
 10126 | D:8      | Found a stormy altar of Qazlal.
 10269 | D:8      | Noticed Grum
 10277 | D:8      | Reached skill level 12 in Stealth
 10277 | D:8      | Reached skill level 10 in Spellcasting
 10299 | D:8      | Killed Grum
 10321 | D:9      | Noticed a troll
 10338 | D:9      | Killed from afar by an orc priest

Illustrated notes

Levels and vault maps discovered:
D:1:      minmay_arrival_up_and_down, layout_loops_corners,
          shapermc_ecumenical_altar_ellora, kennysheep_another_room,
          chequers_garden
D:2:      layout_loops_corners, serial_rivers, chequers_serial_rivers_room_b,
          chequers_serial_rivers_room_b, chequers_serial_rivers_small_b,
          chequers_serial_rivers_micro_b, chequers_serial_rivers_large_a,
          chequers_serial_rivers_micro_e, serial_shops, shop, shop,
          uniq_natasha, uniq_crazy_yiuf_cottage
D:3:      layout_basic
D:4:      layout_loops_ring, minmay_temple_entry_fiery, portal_sewer_entry_f,
          uniq_menkaure
D:5:      layout_loops_cross, minmay_diced_spiral
D:6:      layout_cave_pools, gammafunk_ghost_cemetery, kennysheep_minor_cross,
          uniq_maggie
D:7:      layout_basic
D:8:      layout_basic, gammafunk_temple_overflow_elements,
          kennysheep_generic_room_16, uniq_grum
D:9:      layout_gridville, grunt_lair_entry_orc_guard_hut,
          nicolae_concentric_dashed_squares_wild
Temple:   mainiacjoe_temple_cubbyholes

Skill      XL: |  1  2  3  4  5  6  7  8  9 |
---------------+----------------------------+-----
Spellcasting   | 3 4 5 6 7 8 10 | 10.2
Hexes          | 4 5 6 7 9 10 | 10.5
Stealth        | 5 6 8 10 12 | 12.3
Short Blades   | |  1.1
Dodging        | |  2.6

Action                   |  1- 3 |  4- 6 |  7- 9 || total
-------------------------+-------+-------+-------++-------
Melee: Dagger            |    81 |   151 |   257 ||   489
       Punch             |     1 |     2 |     3 ||     6
       Trident           |       |    30 |    30 ||    60
       Headbutt          |       |       |    33 ||    33
 Cast: Ensorcelled Hiber |     8 |    31 |    63 ||   102
       Tukima's Dance    |     2 |     8 |    16 ||    26
       Confusing Touch   |       |       |     8 ||     8
  Use: Scroll            |     1 |     7 |    13 ||    21
       Potion            |     1 |     2 |     4 ||     7
 Stab: Sleeping          |    16 |    31 |    47 ||    94
       Invisible         |       |     1 |       ||     1
       Confused          |       |       |     9 ||     9
Armor: Robe              |     7 |    43 |    19 ||    69
       Steam dragon scal |       |       |    21 ||    21
Dodge: Dodged            |    55 |   147 |   194 ||   396

Table legend: (Time is in decaauts)
 A = Elapsed time spent in this place.
 B = Non-inter-level travel time spent in this place.
 C = Inter-level travel time spent in this place.
 D = Time resting spent in this place.
 E = Time spent auto-exploring this place.
 F = Levels seen in this place.
 G = Mean time per level.
                   A        B        C        D        E       F      G
               +--------+--------+--------+--------+--------+-----+--------+
         Total |   7984 |   7648 |    336 |    566 |   5563 |  11 |  725.8 |
       Dungeon |   6670 |   6349 |    321 |    566 |   4580 |   9 |  741.1 |
        Temple |     63 |     48 |     15 |      0 |     38 |   1 |   63.0 |
         Sewer |   1250 |   1250 |      0 |      0 |    944 |   1 | 1250.0 |
               +--------+--------+--------+--------+--------+-----+--------+

Top non-repeatable levels by time:
     D:2: 1561 daAuts
   Sewer: 1250 daAuts
     D:5: 1162 daAuts
     D:4: 939 daAuts
     D:6: 752 daAuts
     D:7: 743 daAuts
     D:3: 733 daAuts
     D:1: 569 daAuts
     D:8: 196 daAuts
  Temple: 63 daAuts
     D:9: 13 daAuts
